 Dungeon Crawl Stone Soup version 0.25.1-2-g60ff931df9 (console) character file.

Game seed: 12842948253849734211

28 Colgate the Charmwright (level 3, 23/29 HPs)
             Began as a Draconian Skald on Aug 24, 2020.
             Quit the game on level 2 of the Dungeon.
             The game lasted 00:12:37 (1046 turns).

Colgate the Charmwright (Draconian Skald)           Turns: 1046, Time: 00:12:37

Health: 23/29      AC:  6    Str: 13    XL:     3   Next: 0%
Magic:  0/6        EV: 12    Int: 14    God:
Gold:   24         SH:  0    Dex: 10    Spells: 3/6 levels left

rFire    . . .     SeeInvis .   a - +0 spear
rCold    . . .     Gourm    .   (no shield)
rNeg     . . .     Faith    .   (armour unavailable)
rPois    .         Spirit   .   (helmet restricted)
rElec    .         Reflect  .   (no cloak)
rCorr    .         Harm     .   d - +0 pair of gloves
MR       .....                  (no boots)
Stlth    +.........             (no amulet)
HPRegen  0.09/turn              (no ring)
MPRegen  0.10/turn              (no ring)

@: infused, singing
A: unfitting armour, cold-blooded, AC +5
a: no special abilities


You were on level 2 of the Dungeon.
You were not hungry.

You visited 1 branch of the dungeon, and saw 2 of its levels.

You collected 24 gold pieces.

Inventory:

Hand Weapons
 a - a +0 spear (weapon)
 b - a +0 hunting sling
Armour
 d - a +0 pair of gloves (worn)
Scrolls
 e - 3 scrolls of identify {unknown}
 f - a scroll of enchant armour {unknown}
 i - a scroll of blinking {unknown}
Comestibles
 c - 3 rations


   Skills:
 - Level 2.1 Fighting
 - Level 2.0 Polearms
 - Level 2.1 Dodging
 - Level 2.0 Spellcasting
 + Level 3.8 Charms


You had 3 spell levels left.
You knew the following spells:

 Your Spells              Type           Power        Failure   Level  Hunger
a - Infusion              Chrm           ##..         4%          1    ##.....
b - Song of Slaying       Chrm           ##......     8%          2    ###....

Your spell library contained the following spells:

 Spells                   Type           Power        Failure   Level  Hunger
 Shroud of Golubria       Chrm/Tloc      #.....       16%         2    ###....
 Ozocubu's Armour         Chrm/Ice       #.......     32%         3    ####...
 Spectral Weapon          Hex/Chrm       #.......     32%         3    ####...


Dungeon Overview and Level Annotations

Branches:
Dungeon (2/15)

Altars:


Innate Abilities, Weirdness & Mutations

Your plain brown scales are hard. (AC +5)
You cannot fit into any form of body armour.
You are cold-blooded and may be slowed by cold attacks.


Message History

You kill the orc!
You have reached level 3!
Your experience leads to an increase in your attributes!
Increase (S)trength, (I)ntelligence, or (D)exterity?
You feel clever.
Your scales feel tougher.
You hear a shout!
Press: ? - help, v - describe, . - travel The floor.
Press: ? - help, v - describe, . - travel, g - get item A war axe.
The floor.
Unknown command.
Press: ? - help, v - describe, . - travel, g - get item A +0 trident.
The floor, spattered with blood.
Unknown command.
Press: ? - help, v - describe, . - travel, g - get item A +0 trident.
The floor, spattered with blood.
Are you sure you want to abandon this character and quit the game? (Confirm with "yes".)

#.......
#......
#....).
###......
........#
###.....#
.(().)).##
#.@<#
#......#
#.#......#
# #.....##
#....##
#..###
#..# #..#


There were no monsters in sight!

Vanquished Creatures
  2 dart slugs (D:1)
  3 orcs (D:2)
  2 giant cockroaches (D:1)
  5 hobgoblins (D:1)
  3 kobolds (D:1)
  A bat (D:1)
  A frilled lizard (D:1)
  A goblin (D:1)
  2 rats (D:1)
20 creatures vanquished.

Notes
Turn   | Place    | Note
-------+----------+-------------------------------------------
     0 | D:1      | Colgate the Draconian Skald began the quest for the Orb.
     0 | D:1      | Reached XP level 1. HP: 17/17 MP: 3/3
   279 | D:1      | Reached skill level 3 in Charms
   437 | D:1      | Reached XP level 2. HP: 22/24 MP: 0/5
   441 | D:1      | Learned a level 2 spell: Song of Slaying
  1045 | D:2      | Reached XP level 3. HP: 23/29 MP: 0/6
  1046 | D:2      | Quit the game

Illustrated notes

Levels and vault maps discovered:
D:1:      psy_arrival_spokes, layout_basic
D:2:      layout_rooms, marbit_many_paths, grunt_dithmenos_smoke_and_mirrors,
          minmay_misc_feat_alley, minivault_27

Skill      XL: |  1 |
---------------+----+-----
Charms         | 3 |  3.8
Fighting       | |  2.1
Polearms       | |  2.0
Dodging        | |  2.1
Spellcasting   | |  2.0

Action                   || total
-------------------------++-------
Melee: Spear             ||    55
       Tailslap          ||     3
 Fire: Hunting sling     ||     9
 Cast: Infusion          ||    13
       Song of Slaying   ||     1
 Stab: Sleeping          ||     1
  Eat: Chunk             ||     1
Armor: Skin              ||     9
Dodge: Dodged            ||    21
